 Dungeon Crawl Stone Soup version 0.30.0-19-g36f170ea60 (webtiles) character file.

Game seed: 2215471672502140385

265 Du3lingdragon the Chopper (level 6, 0/56 HPs)
             Began as a Hill Orc Cinder Acolyte on May 27, 2023.
             Was a High Priest of Ignis.
             Slain by a killer bee (6 damage)
             ... on level 3 of the Dungeon.
             The game lasted 00:05:33 (3178 turns).

Du3lingdragon the Chopper (Hill Orc Cinder Acolyte) Turns: 3178, Time: 00:05:34

Health: 0/56       AC: 12    Str: 19    XL:     6   Next: 20%
Magic:  1/7        EV: 15    Int: 14    God:    Ignis [*****.]
Gold:   154        SH:  0    Dex:  6    Spells: 5/7 levels left

rFire   + + .        a - -1 hand axe (flame)
rCold   + . .        (no shield)
rNeg    . . .        b - +0 ring mail
rPois   +            (no helmet)
rElec   .            j - scarf {rC+ rF+}
rCorr   .            (no gloves)
SInv    .            (no boots)
Will    .....        (no amulet) Stlth
                     g - ring of poison resistance
HPRegen 0.29/turn    o - +5 ring of evasion
MPRegen 0.10/turn

%: no passive effects
@: fiery-armoured, very slightly contaminated
A: no striking features
a: Renounce Religion, Fiery Armour, Foxfire Swarm, Rising Flame


You were on level 3 of the Dungeon.
You worshipped Ignis.
Ignis was extremely pleased with you.
You visited 1 branch of the dungeon, and saw 4 of its levels.

You collected 154 gold pieces.

Inventory:

Hand Weapons
 a - a -1 hand axe of flaming (weapon)
Armour
 b - a +0 ring mail (worn)
 j - a scarf of resistance (worn)
Jewellery
 g - a ring of poison resistance (left hand)
 o - a +5 ring of evasion (right hand)
Wands
 q - a wand of roots (11)
Scrolls
 d - 3 scrolls of identify
 h - a scroll of amnesia {unknown}
 i - a scroll of immolation {unknown}
 l - 2 scrolls of noise {unknown}
 m - a scroll of poison {unknown}
 r - a scroll of silence {unknown}
Potions
 c - a potion of degeneration
 e - a potion of curing
 f - a potion of magic
 k - 2 potions of brilliance
 n - a potion of resistance
 p - a potion of attraction


   Skills:
 + Level 5.1 Fighting
 * Level 6.9 Axes
 + Level 2.9 Armour
 - Level 1.0 Spellcasting
 - Level 3.2 Fire Magic


You had 5 spell levels left.
You knew the following spells:

 Your Spells              Type           Power      Damage    Failure   Level
a - Scorch                Fire           18%        2d5       17%         2

Your spell library contained the following spells:

 Spells                   Type           Power      Damage    Failure   Level
 Magic Dart               Conj           0%         1d3       41%         1
 Call Imp                 Summ           0%         N/A       54%         2
 Mephitic Cloud           Conj/Pois/Air  0%         N/A       78%         3
 Iskenderun's Battlesphe  Conj           0%         2d6       100%        5
 Iron Shot                Conj/Erth      0%         9d1       100%        6
 Spellforged Servitor     Conj/Summ      0%         N/A       100%        7


Dungeon Overview and Level Annotations

Branches:
Dungeon (4/15)
 Temple: D:4-7

Altars:
Vehumet
The Shining One


Message History

Flames lash the killer bee.
The killer bee is heavily wounded.
The killer bee's fire resistance burns away.
The killer bee closely misses you. x2; The killer bee stings you!
The killer bee misses you.
Casting: Scorch (safe; 17% risk of failure)
Confirm with . or Enter, or press ? or * to list all spells.
Flames lash the killer bee.
The killer bee is lightly wounded.
The killer bee's fire resistance burns away.
The killer bee stings you. The killer bee barely misses you.
The killer bee stings you. The killer bee completely misses you.
Casting: Scorch (safe; 17% risk of failure)
Confirm with . or Enter, or press ? or * to list all spells.
You don't have enough magic to cast this spell.
You hit the killer bee. You burn the killer bee.
The killer bee is almost dead.
You barely miss the killer bee. The killer bee barely misses you.
The killer bee stings you.
You miss the killer bee.
The killer bee is almost dead.
You closely miss the killer bee.
The killer bee is no longer more vulnerable to fire.
The killer bee barely misses you. The killer bee stings you!
The killer bee barely misses you. The killer bee misses you.
You miss the killer bee.
The killer bee is almost dead.
You hit the killer bee but do no damage.
The killer bee is no longer more vulnerable to fire.
The killer bee completely misses you. The killer bee stings you.
* * * LOW HITPOINT WARNING * * *
The killer bee completely misses you. The killer bee stings you.
* * * LOW HITPOINT WARNING * * *
A protective cloak of flame settles atop you.
The killer bee closely misses you.
The killer bee stings you but does no damage.
The killer bee is burned by your cloak of flames.
The killer bee is moderately wounded.
The killer bee misses you. The killer bee stings you.
You die...

###### .....# .###.# .# #.#
.###.# ###########
.<#..#####.........#
###.......#.######.#######
..#..####......###.)##...##
...............y@#...⌠...⌠##
#.#..####......#y#†#.......##
#.#............#.#.....>....#
#.#.######.....#.###........#
#.#......+.....#.# ##..⌠..#.#
#.########.....#.#####......#
#.............##.##.......#.#
###.......###.##.##.###.###.#
###.......# #.#.............#


You could see 2 killer bees.

Vanquished Creatures
  A scorpion (D:4)
  2 killer bees (D:3)
  A hound (D:2)
  3 adders
  An ufetubus (D:3)
  2 worms
  6 ball pythons
  5 bats
  5 endoplasms
  A giant cockroach (D:1)
  3 goblins
  3 hobgoblins
  4 jackals (D:1)
  11 kobolds
  3 quokkas
  2 frilled lizards (D:1)
  4 rats
57 creatures vanquished.

Notes
Turn   | Place    | Note
-------+----------+-------------------------------------------
     0 | D:1      | Du3lingdragon the Hill Orc Cinder Acolyte began the quest
                  | for the Orb.
     0 | D:1      | Reached XP level 1. HP: 19/19 MP: 2/2
   251 | D:1      | Reached XP level 2. HP: 27/27 MP: 3/3
   254 | D:1      | Learned a level 2 spell: Scorch
   306 | D:1      | Reached skill level 1 in Armour
   518 | D:1      | Reached XP level 3. HP: 32/33 MP: 4/4
  1284 | D:2      | Reached skill level 5 in Axes
  1343 | D:2      | Reached XP level 4. HP: 21/40 MP: 5/5
  2150 | D:3      | Found a radiant altar of Vehumet.
  2404 | D:3      | Reached XP level 5. HP: 37/47 MP: 6/6
  2727 | D:3      | Found a faded altar of an unknown god.
  2810 | D:4      | Reached skill level 6 in Axes
  2848 | D:4      | Found a glowing golden altar of the Shining One.
  2877 | D:3      | Reached skill level 5 in Fighting
  3025 | D:3      | Reached XP level 6. HP: 30/56 MP: 2/7
  3178 | D:3      | Slain by a killer bee

Illustrated notes

Levels and vault maps discovered:
D:1:      ebering_hopf_link, layout_basic
D:2:      layout_loops_cross
D:3:      layout_basic, mainiacjoe_overflow_24_doors,
          dreamdust_ecumenical_altar_hidden_monk_grotto, minmay_splitting_lines,
          grunt_ministairs_1
D:4:      layout_rooms, lemuel_crystal_altar, okawaru_altar_gauntlet_db

Skill      XL: |  1  2  3  4  5 |
---------------+----------------+-----
Armour         | 1 2 |  2.9
Fighting       | 4 5 |  5.1
Axes           | 5 6 |  6.9
Spellcasting   | |  1.0
Fire Magic     | |  3.2

Action                     |  1- 3 |  4- 6 || total
---------------------------+-------+-------++-------
  Melee: Hand axe          |   125 |   108 ||   233
   Cast: Scorch            |       |     7 ||     7
 Invoke: Fiery Armour      |       |     1 ||     1
    Use: Scroll            |       |     6 ||     6
         Potion            |       |     2 ||     2
 Armour: Robe              |    11 |       ||    11
         Scale mail        |    45 |     6 ||    51
         Ring mail         |       |    45 ||    45
  Dodge: Dodged            |    58 |   148 ||   206
